 Dungeon Crawl Stone Soup version 0.27-a0-141-g0b64aa269c (webtiles) character file.

Game seed: 4027261227087883802

41860 Majang the Cleaver (level 13, -11/101 HPs)
             Began as a Demonspawn Gladiator on Jan 26, 2021.
             Was a High Priest of Makhleb.
             Killed from afar by an oklob plant (16 damage)
             ... with a splash of acid
             ... on level 6 of the Lair of Beasts.
             The game lasted 01:04:32 (12978 turns).

Majang the Cleaver (Demonspawn Gladiator)          Turns: 12978, Time: 01:04:32

Health: -11/101    AC: 11    Str: 18    XL:     13   Next: 82%
Magic:  18/18      EV: 27    Int: 15    God:    Makhleb [*****.]
Gold:   722        SH:  4    Dex: 15    Spells: 12/12 levels left

rFire    . . .     SeeInvis .   a - +5 battleaxe (elec)
rCold    + . .     Faith    .   (shield currently unavailable)
rNeg     . . .     Spirit   .   y - quicksilver dragon scales of Dawn {+Inv Will+ Int+4}
rPois    +         Reflect  .   c - +2 hat
rElec    .         Harm     .   t - +0 cloak
rCorr    .         Rampage  .   u - +0 pair of gloves
Will     +....                  L - +1 pair of boots (curse)
Stlth    +.........             S - amulet of regeneration
HPRegen  1.06/turn              s - ring of protection from cold
MPRegen  0.16/turn              A - +4 ring of evasion

@: agile, corroded
A: antennae 2, repulsion field 1, icemail 2, low mp 1, poison resistance,
powered by pain 2, regeneration 1, condensation shield
a: Renounce Religion, Evoke Invisibility, Minor Destruction, Lesser Servant of
Makhleb, Major Destruction, Greater Servant of Makhleb


You were on level 6 of the Lair of Beasts.
You worshipped Makhleb.
Makhleb was extremely pleased with you.
You visited 3 branches of the dungeon, and saw 16 of its levels.

You collected 1584 gold pieces.
You spent 862 gold pieces at shops.

Inventory:

Hand Weapons
 a - a +5 battleaxe of electrocution (weapon)
 b - a +1 scythe of flaming
 C - a +1 war axe
Missiles
 d - 3 throwing nets
 f - 92 poisoned darts
 z - 13 boomerangs (quivered)
 J - 7 javelins
Armour
 c - a +2 hat (worn)
 t - a +0 cloak (worn)
 u - a +0 pair of gloves (worn)
 y - the quicksilver dragon scales of Dawn (worn) {+Inv Will+ Int+4}
   (You found it on level 4 of the Lair of Beasts)

   It affects your intelligence (+4).
   It affects your willpower, your defense against some magical effects.
   It lets you turn invisible.
 L - a cursed +1 pair of boots (worn)
 T - a +1 chain mail of fire resistance
Jewellery
 j - an uncursed ring of positive energy
 o - an uncursed ring of flight
 s - a ring of protection from cold (left hand)
 A - a +4 ring of evasion (right hand)
 B - an uncursed amulet of faith {unknown}
 K - an uncursed ring of see invisible
 S - an amulet of regeneration (around neck)
Wands
 m - a wand of random effects (12)
 q - a wand of enslavement (30)
 x - a wand of paralysis (14)
 F - a wand of flame (25)
 P - a wand of digging (4)
 U - a wand of acid (10)
Scrolls
 e - 11 scrolls of identify
 g - 7 scrolls of remove curse
 i - 3 scrolls of magic mapping
 l - 9 scrolls of teleportation
 p - 2 scrolls of amnesia
 G - a scroll of fear
 H - 3 scrolls of blinking
 W - a scroll of enchant armour
Potions
 h - a potion of brilliance
 k - a potion of berserk rage
 n - a potion of magic
 r - 8 potions of curing
 v - 3 potions of might
 w - a potion of heal wounds
 Q - 3 potions of mutation
 R - 2 potions of haste
Miscellaneous
 V - a lightning rod (4/4)


   Skills:
 + Level 9.5 Fighting
 * Level 12.2 Axes
 + Level 7.8 Throwing
 + Level 7.6 Armour
 + Level 8.1 Dodging
 + Level 10.5 Invocations
 + Level 8.3 Evocations


You had 12 spell levels left.
You didn't know any spells.
Your spell library contained the following spells:

 Spells                   Type           Power        Failure   Level
 Animate Skeleton         Necr           0%           41%         1
 Beastly Appendage        Tmut           0%           41%         1
 Magic Dart               Conj           0%           41%         1
 Pain                     Necr           0%           41%         1
 Searing Ray              Conj           0%           54%         2
 Wereblood                Tmut           0%           54%         2
 Dazzling Flash           Conj/Hex       0%           78%         3
 Spider Form              Tmut/Pois      0%           78%         3
 Vampiric Draining        Necr           0%           78%         3
 Animate Dead             Necr           0%           99%         4
 Fulminant Prism          Conj/Hex       0%           99%         4
 Ice Form                 Ice/Tmut       0%           99%         4
 Iskenderun's Mystic Bla  Conj/Tloc      0%           99%         4
 Agony                    Necr           0%           100%        5
 Blade Hands              Tmut           0%           100%        5


Dungeon Overview and Level Annotations

Branches:
Dungeon (9/15)             Temple (1/1) D:7            Lair (6/6) D:9
 Shoals (0/4) Lair:3        Snake (0/4) Lair:2        Slime (0/5) Lair:6
    Orc: D:9-12

Altars:
Ashenzari
Cheibriados
Dithmenos
Elyvilon
Fedhas
Gozag
Hepliaklqana
Kikubaaqudgha
Makhleb
Nemelex Xobeh
Okawaru
Qazlal
Ru
Sif Muna
Trog
Uskayaw
Vehumet
Wu Jian
Xom
Yredelemnul
Zin
The Shining One

Shops:
D:5 *   D:9 }

Annotations:
Lair:6 exclusion: 2 oklob plants


Innate Abilities, Weirdness & Mutations

You have a pair of antennae on your head.
You are surrounded by a mild repulsion field. (EV +2)
A meltable icy envelope protects you from harm. (AC +8)
You sometimes gain power by taking damage.
A meltable shield of frost defends you. (SH +4)
Your magical capacity is low. (-10% MP)
Your system is resistant to poisons. (rPois)
Your natural rate of healing is unusually fast.


Message History

You hit the oklob plant but do no damage.
The oklob plant is severely damaged.
You hit the oklob plant but do no damage.
The oklob plant spits acid at you. The splash of acid hits you!
* * * LOW HITPOINT WARNING * * *
The acid corrodes you!
You are splashed with acid!
* * * LOW HITPOINT WARNING * * *
You feel much better. The oklob plant spits acid at you.
The splash of acid hits you!
* * * LOW HITPOINT WARNING * * *
You are splashed with acid!
* * * LOW HITPOINT WARNING * * *
You hit the oklob plant but do no damage.
The oklob plant is almost destroyed.
You hit the oklob plant but do no damage.
The oklob plant spits acid at you. The splash of acid hits you!
You die...

#........##
#.........#
#...##....###
#....##.....##
#...####.....#
#....####....#
##....# #....#
#....####...##
#...@.# ##.#.#
##..PP# #.###
#..>.# #.##
#....# #..#
##..## #..###
#### #.##.####
##..##.#.####
#.......#....
#............


You could see 2 oklob plants.

Vanquished Creatures
  An ogre mage (D:9)
  4 hydras
  A boulder beetle (Lair:4)
  A catoblepas (Lair:3)
  A death yak (Lair:4)
  5 black mambas
  3 torpor snails
  10 elephants
  24 cane toads
  Maggie (D:6)
  11 komodo dragons
  4 rime drakes
  2 polar bears
  Prince Ribbit (D:6)
  A troll (D:9)
  5 dream sheep (Lair:6)
  27 blink frogs
  A snapping turtle (Lair:3)
  Sigmund (D:5)
  Grum (Lair:1)
  20 yaks
  5 wyverns
  A basilisk (D:9)
  Edmund (D:5)
  7 nagas (Lair:2)
  Duvessa (D:6)
  8 water moccasins
  2 black bears
  An ice beast (D:9)
  3 phantoms
  An orc warrior (D:9)
  4 ogres
  33 wolves
  4 centaurs
  15 bullfrogs
  Dowan (D:6)
  3 scorpions
  10 wights
  A howler monkey (D:9)
  3 electric eels
  A bullfrog zombie (D:9)
  3 quasits
  8 hounds
  A jelly (D:7)
  3 orc priests
  6 iguanas
  Ijyb (D:3)
  Natasha (thrice) (D:3)
  5 worker ants
  8 orc wizards
  A hound zombie (D:5)
  A hound skeleton (D:4)
  A worker ant zombie (D:8)
  6 gnolls (D:7)
  6 adders
  2 shadow imps
  2 white imps
  An ufetubus (D:9)
  2 oozes
  An adder zombie (D:8)
  An adder skeleton (D:9)
  2 dart slugs
  8 leopard geckos
  24 orcs
  4 giant cockroaches
  8 goblins
  6 hobgoblins
  7 jackals
  2 kobolds
  3 quokkas
  2 bats
  4 frilled lizards
  A quokka skeleton (D:7)
  3 rats
  2 toadstools (D:8)
368 creatures vanquished.

Vanquished Creatures (collateral kills)
  A basilisk (Lair:4)
1 creature vanquished.

Vanquished Creatures (others)
  45 fungi
  45 plants
  2 toadstools (D:8)
92 creatures vanquished.

Grand Total: 461 creatures vanquished

Notes
Turn   | Place    | Note
-------+----------+-------------------------------------------
     0 | D:1      | Majang the Demonspawn Gladiator began the quest for the
                  | Orb.
     0 | D:1      | Reached XP level 1. HP: 16/16 MP: 1/1
   168 | D:1      | Reached skill level 3 in Axes
   341 | D:1      | Gained mutation: You have a pair of small antennae on your
                  | head. [demonic ancestry]
   341 | D:1      | Reached XP level 2. HP: 21/22 MP: 2/2
   815 | D:2      | Gained mutation: A meltable shield of frost defends you.
                  | (SH +4) [demonic ancestry]
   815 | D:2      | Reached XP level 3. HP: 28/28 MP: 3/3
  1688 | D:3      | Noticed Natasha
  1697 | D:3      | Killed Natasha
  1698 | D:3      | Reached skill level 4 in Axes
  1698 | D:3      | Gained mutation: A meltable icy envelope protects you from
                  | harm. (AC +8) [demonic ancestry]
  1698 | D:3      | Reached XP level 4. HP: 21/35 MP: 4/4
  1992 | D:3      | Noticed Natasha
  2002 | D:3      | Killed Natasha
  2008 | D:3      | Noticed Ijyb
  2015 | D:3      | Gained mutation: Your natural rate of healing is unusually
                  | fast. [potion of mutation]
  2015 | D:3      | Gained mutation: Your magical capacity is low. (-10% MP)
                  | [potion of mutation]
  2015 | D:3      | Gained mutation: Your system is resistant to poisons.
                  | (rPois) [potion of mutation]
  2021 | D:3      | Killed Ijyb
  2022 | D:3      | Gained mutation: You have a pair of antennae on your head.
                  | [demonic ancestry]
  2022 | D:3      | Reached XP level 5. HP: 41/41 MP: 4/4
  2077 | D:3      | Noticed Natasha
  2086 | D:3      | Killed Natasha
  2432 | D:3      | Reached skill level 5 in Axes
  2501 | D:4      | Found a burning altar of Makhleb.
  2504 | D:4      | Became a worshipper of Makhleb the Destroyer
  2572 | D:4      | Noticed an ogre
  2586 | D:4      | Killed an ogre
  2587 | D:4      | Reached XP level 6. HP: 12/48 MP: 5/5
  2665 | D:4      | Found a shadowy altar of Dithmenos.
  3063 | D:4      | Reached skill level 1 in Invocations
  3063 | D:4      | Reached XP level 7. HP: 55/55 MP: 5/7
  3195 | D:5      | Entered Level 5 of the Dungeon
  3210 | D:5      | Reached * piety under Makhleb
  3211 | D:5      | Reached skill level 6 in Axes
  3237 | D:5      | Reached skill level 1 in Evocations
  3332 | D:5      | Reached skill level 1 in Armour
  3403 | D:5      | Noticed Edmund
  3421 | D:5      | Killed Edmund
  3428 | D:5      | Noticed Sigmund
  3448 | D:5      | Killed Sigmund
  3594 | D:5      | Found Lozoj's Assorted Antiques.
  3600 | D:5      | Bought a potion of might for 104 gold pieces
  3600 | D:5      | Bought a long bronze wand for 104 gold pieces
  3600 | D:5      | Bought a potion of might for 104 gold pieces
  3781 | D:5      | Reached XP level 8. HP: 61/61 MP: 8/8
  3919 | D:5      | Found a white marble altar of Elyvilon.
  4195 | D:6      | Reached ** piety under Makhleb
  4260 | D:6      | Noticed Maggie
  4295 | D:6      | Killed Maggie
  4296 | D:6      | Reached skill level 5 in Fighting
  4379 | D:6      | Reached skill level 7 in Axes
  4399 | D:6      | Noticed Prince Ribbit
  4409 | D:6      | Killed Prince Ribbit
  4956 | D:6      | Noticed Duvessa
  4956 | D:6      | Noticed Dowan
  4961 | D:6      | Killed Duvessa
  4962 | D:6      | Gained mutation: A meltable icy envelope protects you from
                  | harm. (AC +8) [demonic ancestry]
  4962 | D:6      | Reached XP level 9. HP: 60/68 MP: 10/10
  4963 | D:6      | Killed Dowan
  5164 | D:7      | Found a staircase to the Ecumenical Temple.
  5195 | Temple   | Entered the Ecumenical Temple
  5721 | D:7      | Reached *** piety under Makhleb
  6180 | D:8      | Found an iron altar of Okawaru.
  6281 | D:8      | Found an ornate altar of the Wu Jian Council.
  6374 | D:8      | Found a sparkling altar of Nemelex Xobeh.
  6381 | D:8      | Found a hazy altar of Hepliaklqana.
  6540 | D:9      | Reached skill level 8 in Axes
  6577 | D:9      | Noticed an ogre mage
  6582 | D:9      | Reached skill level 5 in Invocations
  6588 | D:9      | Killed an ogre mage
  6589 | D:9      | Gained mutation: You are surrounded by a mild repulsion
                  | field. (EV +2) [demonic ancestry]
  6589 | D:9      | Reached XP level 10. HP: 70/76 MP: 12/12
  6772 | D:9      | Reached skill level 5 in Dodging
  6782 | D:9      | Found a staircase to the Lair.
  6904 | D:9      | Reached **** piety under Makhleb
  6917 | D:9      | Noticed an elephant
  6925 | D:9      | Killed an elephant
  6968 | D:9      | Reached skill level 9 in Axes
  6972 | D:9      | Reached skill level 5 in Throwing
  6984 | D:9      | Found Waryacw's Gadget Shop.
  6999 | D:9      | Bought a wand of acid (6) for 220 gold pieces
  6999 | D:9      | Bought a lightning rod (4/4) for 330 gold pieces
  7539 | Lair:1   | Entered Level 1 of the Lair of Beasts
  7572 | Lair:1   | Noticed Grum
  7581 | Lair:1   | Reached skill level 5 in Evocations
  7585 | Lair:1   | Killed Grum
  7663 | Lair:1   | Noticed a cane toad
  7675 | Lair:1   | Killed a cane toad
  7677 | Lair:1   | Noticed a black mamba
  7698 | Lair:1   | Killed a black mamba
  7748 | Lair:1   | Gained mutation: You sometimes gain a little power by
                  | taking damage. [demonic ancestry]
  7748 | Lair:1   | Reached XP level 11. HP: 84/84 MP: 14/14
  7784 | Lair:1   | Reached skill level 5 in Armour
  8683 | Lair:2   | Reached skill level 10 in Axes
  8872 | Lair:2   | Noticed an eight-headed hydra
  8883 | Lair:2   | Killed a six-headed hydra
  9043 | Lair:2   | Reached XP level 12. HP: 92/92 MP: 16/16
  9064 | Lair:2   | Found a staircase to the Snake Pit.
  9254 | Lair:2   | Reached ***** piety under Makhleb
  9843 | Lair:3   | Noticed an eight-headed hydra
  9865 | Lair:3   | Killed a one-headed hydra
  9954 | Lair:3   | Reached skill level 11 in Axes
  9990 | Lair:3   | Found a staircase to the Shoals.
 10082 | Lair:3   | Noticed a catoblepas
 10102 | Lair:3   | Killed a catoblepas
 10863 | Lair:4   | Noticed a death yak
 10882 | Lair:4   | Killed a death yak
 10891 | Lair:4   | Gained mutation: You sometimes gain power by taking damage.
                  | [demonic ancestry]
 10891 | Lair:4   | Reached XP level 13. HP: 90/100 MP: 18/18
 10930 | Lair:4   | Got faintly humming quicksilver dragon scales
 10931 | Lair:4   | Identified the quicksilver dragon scales of Dawn {+Inv
                  | Will+ Int+4} (You found it on level 4 of the Lair of
                  | Beasts)
 11985 | Lair:5   | Reached skill level 10 in Invocations
 12496 | Lair:5   | You fall into a shaft and drop 1 floor!
 12496 | Lair:6   | Entered Level 6 of the Lair of Beasts
 12654 | Lair:6   | Reached skill level 12 in Axes
 12965 | Lair:6   | Found a staircase to the Slime Pits.
 12976 | Lair:6   | HP: 4/101 [acid (11)]
 12978 | Lair:6   | Killed from afar by an oklob plant

Illustrated notes

Levels and vault maps discovered:
D:1:      scummos_arrival_gate, layout_loops_ring
D:2:      layout_loops_ring, kennysheep_generic_room_14
D:3:      layout_basic, serial_rivers, chequers_serial_rivers_small_a,
          chequers_serial_rivers_micro_c, chequers_serial_rivers_small_3,
          chequers_serial_rivers_room_a, uniq_ijyb, uniq_natasha
D:4:      kennysheep_the_goblin_king, layout_cave_pools, kennysheep_mini_moat,
          nicolae_dithmenos_the_darkroom
D:5:      layout_cave_pools, elyvilon_altar_3, serial_shops, shop,
          dk_noncrumbling_4, sigmund_edmund_badplayer
D:6:      layout_basic, uniq_duvessa, uniq_sigmund, uniq_maggie,
          uniq_prince_ribbit1
D:7:      layout_loops_corners, minmay_temple_entry_sparse_star
D:8:      layout_basic, okawaru_metal_pillars_1_2,
          pdpol_wu_jian_five_deadly_venoms, minitemple, minmay_gold_behind_fungi
D:9:      hangedman_cross_stitches, layout_basic, david_lair_generic,
          serial_shops, nicolae_shop_stone
Temple:   eino_temple_rhombus
Lair:1:   layout_concentric_octagons, serial_bayou_pond_a, wad_woods_road_03,
          st_stairs_8, grunt_megastairs_1, infiniplex_staircase_pool_2,
          serial_bayou_shore_b, serial_bayou_shore_b, lemuel_fruit_tree,
          uniq_grum
Lair:2:   layout_cave_pods, minmay_snake_entry_guardpost_large,
          beast_lair_carwin_5, serial_bayou_shore_a, grunt_megastairs_4
Lair:3:   layout_regular_city, minmay_shoals_entry_hut,
          minmay_stone_trees_small, grunt_forest_small_clearings,
          beast_lair_carwin_10, lemuel_fruit_fields
Lair:4:   nzn_winding_woodlands_small [nzn_winding_woodlands_5x15_split_checker,
          nzn_winding_woodlands_center_triple_pond,
          nzn_winding_woodlands_5x15_jagged], layout_small_grid
Lair:5:   layout_cave_shapes, serial_bayou_shore_b, grunt_megastairs_5
Lair:6:   evilmike_catoblepas_cave, layout_hall_layers,
          minmay_slime_entry_oklob_enclosed, patterned_corridor

Skill      XL: |  1  2  3  4  5  6  7  8  9 10 11 12 13 |
---------------+----------------------------------------+-----
Axes           | 3 4 5 6 7 8 9 10 11 12 | 12.2
Fighting       | 3 4 5 6 7 8 9 |  9.5
Throwing       | 2 3 4 5 6 7 |  7.8
Invocations    | 1 2 4 5 6 8 9 10 | 10.5
Evocations     | 1 3 4 5 6 7 8 |  8.3
Armour         | 1 2 3 4 5 6 7 |  7.6
Dodging        | 3 4 5 6 7 8 |  8.1

Action                   |  1- 3 |  4- 6 |  7- 9 | 10-12 | 13-15 || total
-------------------------+-------+-------+-------+-------+-------++-------
Melee: War axe           |    90 |   154 |   145 |       |       ||   389
       Battleaxe         |       |       |   192 |   551 |   245 ||   988
       Scythe            |       |       |       |    20 |    12 ||    32
Throw: Throwing net      |     2 |     2 |       |       |       ||     4
       Dart              |       |       |    11 |       |       ||    11
       Boomerang         |       |       |       |    17 |     5 ||    22
Invok: Minor Destruction |       |       |     2 |    34 |    25 ||    61
Evoke: Wand              |       |       |       |     8 |       ||     8
  Use: Scroll            |     1 |       |    11 |     5 |     3 ||    20
       Potion            |       |     2 |     3 |     6 |     3 ||    14
 Stab: Held in net/web   |     1 |       |       |       |       ||     1
       Sleeping          |     1 |       |       |       |       ||     1
       Distracted        |       |     1 |       |       |       ||     1
Armor: Leather armour    |    26 |    44 |       |       |       ||    70
       Ring mail         |       |     6 |    56 |       |       ||    62
       Steam dragon scal |       |       |    58 |    18 |       ||    76
       Chain mail        |       |       |       |   336 |       ||   336
       Quicksilver drago |       |       |       |       |    86 ||    86
Dodge: Dodged            |    70 |    90 |   281 |   572 |   224 ||  1237
Block: Other             |     7 |    27 |    79 |   134 |    46 ||   293

Table legend: (Time is in decaauts)
 A = Elapsed time spent in this place.
 B = Non-inter-level travel time spent in this place.
 C = Inter-level travel time spent in this place.
 D = Time resting spent in this place.
 E = Time spent auto-exploring this place.
 F = Levels seen in this place.
 G = Mean time per level.
                   A        B        C        D        E       F      G
               +--------+--------+--------+--------+--------+-----+--------+
         Total |  13341 |  12852 |    489 |    966 |   7009 |  16 |  833.8 |
       Dungeon |   7602 |   7273 |    329 |    668 |   4226 |   9 |  844.7 |
        Temple |    107 |    107 |      0 |      0 |      0 |   1 |  107.0 |
          Lair |   5631 |   5471 |    160 |    298 |   2783 |   6 |  938.5 |
               +--------+--------+--------+--------+--------+-----+--------+

Top non-repeatable levels by time:
  Lair:2: 1180 daAuts
  Lair:3: 1163 daAuts
  Lair:4: 1097 daAuts
     D:9: 1043 daAuts
     D:6: 986 daAuts
  Lair:1: 933 daAuts
  Lair:5: 900 daAuts
     D:2: 877 daAuts
     D:1: 862 daAuts
     D:7: 856 daAuts
     D:5: 820 daAuts
     D:3: 804 daAuts
     D:4: 769 daAuts
     D:8: 583 daAuts
  Lair:6: 355 daAuts
